 Dungeon Crawl Stone Soup version 0.29-a0-103-g37f86683bf (webtiles) character file.

Game seed: 9141145326915591480

23160 kae the Grappler (level 12, -4/124 HPs)
             Began as a Black Draconian Transmuter on Feb 15, 2022.
             Was an Initiate of Ru.
             Slain by an elephant (9 damage)
             ... on level 3 of the Lair of Beasts.
             The game lasted 00:14:39 (19980 turns).

kae the Grappler (Black Draconian Transmuter)      Turns: 19980, Time: 00:14:40

Health: -4/124     AC:  8    Str: 17    XL:     12   Next: 69%
Magic:  21/22      EV: 14    Int: 15    God:    Ru [......]
Gold:   1453       SH:  5    Dex: 19    Spells: 17/24 levels left

rFire   x . .      SeeInvis .     - Unarmed
rCold   + + +      Faith    .   (shield currently unavailable)
rNeg    . . .      Spirit   .   (armour unavailable)
rPois   +          Reflect  +   (helmet currently unavailable)
rElec   +          Harm     .   (cloak currently unavailable)
rCorr   +          Rampage  .   (gloves currently unavailable)
Will    .....                   (boots currently unavailable)
Stlth   ++........              e - amulet of reflection
HPRegen 0.30/turn               d - +6 ring of dexterity
MPRegen 0.18/turn               C - ring "Cexzy" {rElec rPois rCorr Dex+2}

@: ice-form
A: freezing attack, amphibious, boosted hp, (breathe lightning), AC +8, large,
unfitting armour, (electricity resistance), (cold-blooded)
a: End Transformation, Renounce Religion


You were on level 3 of the Lair of Beasts.
You worshipped Ru.
Ru was noncommittal.
You were a creature of crystalline ice.
You visited 2 branches of the dungeon, and saw 14 of its levels.

You collected 1565 gold pieces.
You spent 112 gold pieces at shops.

Inventory:

Armour
 r - the +0 pair of boots of Somewhere Else (melded) {Str+2}
   (You found it on level 3 of the Dungeon)

   Str:       It affects your strength (+2).
 I - a +2 hat of stealth (melded)
Jewellery
 b - an amulet of faith
 d - a +6 ring of dexterity (left front paw)
 e - an amulet of reflection (around neck)
 j - a ring of flight
 y - a ring of wizardry
 C - the ring "Cexzy" (right front paw) {rElec rPois rCorr Dex+2}
   (You acquired it on level 1 of the Lair of Beasts)

   [ring of poison resistance]

   Dex:       It affects your dexterity (+2).
   rElec:     It insulates you from electricity.
   rPois:     It protects you from poison.
   rCorr:     It protects you from acid and corrosion.
 G - a +4 ring of protection
Wands
 f - a wand of polymorph (2)
 p - a wand of paralysis (19)
 v - a wand of flame (28)
 J - a wand of mindburst (4)
 L - a wand of iceblast (8)
 M - a wand of acid (2)
Scrolls
 k - 4 scrolls of magic mapping
 l - 4 scrolls of vulnerability
 o - 5 scrolls of teleportation
 s - 2 scrolls of enchant weapon
 u - 3 scrolls of brand weapon
 z - a scroll of amnesia
 A - a scroll of fear
 E - a scroll of holy word
 H - 2 scrolls of fog
Potions
 a - 3 potions of curing
 c - 2 potions of berserk rage
 g - 2 potions of cancellation
 h - 3 potions of lignification
 i - 2 potions of degeneration
 m - 3 potions of brilliance
 n - 3 potions of might
 q - 4 potions of ambrosia
 t - 2 potions of flight
 w - a potion of haste
 x - 2 potions of mutation {unknown}
 B - a potion of attraction {unknown}
 D - a potion of heal wounds
 F - a potion of resistance {unknown}


   Skills:
 + Level 9.2 Fighting
 + Level 6.8 Dodging
 * Level 12.2 Unarmed Combat
 + Level 6.8 Spellcasting
 * Level 12.0 Transmutations
 - Level 5.0 Ice Magic
 - Level 2.0 Poison Magic


You had 17 spell levels left.
You knew the following spells:

 Your Spells              Type           Power      Damage    Failure   Level
b - Spider Form           Tmut/Pois      26%        N/A       2%          3
c - Ice Form              Ice/Tmut       30%        N/A       4%          4

Your spell library contained the following spells:

 Spells                   Type           Power      Damage    Failure   Level
 Beastly Appendage        Tmut           82%        N/A       1%          1
 Wereblood                Tmut           41%        N/A       1%          2
 Blade Hands              Tmut           20%        N/A       2%          5
 Petrify                  Tmut/Erth      23%        N/A       12%         4
 Animate Skeleton         Necr           10%        N/A       14%         1
 Magic Dart               Conj           20%        1d4       14%         1
 Pain                     Necr           20%        1d5       14%         1
 Poisonous Vapours        Pois/Air       16%        N/A       14%         2
 Searing Ray              Conj           10%        2d4       21%         2
 Sublimation of Blood     Necr           5%         N/A       21%         2
 Irradiate                Conj/Tmut      11%        3d17      32%         5
 Call Canine Familiar     Summ           5%         N/A       38%         3
 Portal Projectile        Hex/Tloc       10%        N/A       38%         3
 Vampiric Draining        Necr           5%         2d6       38%         3
 Fulminant Prism          Conj/Hex       2%         3d6       80%         4
 Leda's Liquefaction      Hex/Erth       2%         N/A       80%         4
 Excruciating Wounds      Necr           2%         N/A       98%         5
 Malign Gateway           Summ/Tloc      2%         N/A       100%        7
 Borgnjor's Revivificati  Necr           2%         N/A       100%        8
 Necromutation            Tmut/Necr      11%        N/A       100%        8
 Summon Horrible Things   Summ           2%         N/A       100%        8
 Death's Door             Necr           2%         N/A       100%        9
 Animate Armour           Summ/Erth      Unusable   N/A       N/A         4

Dungeon Overview and Level Annotations

Branches:
Dungeon (11/15)            Temple (0/1) D:5            Lair (3/6) D:11
    Orc (0/2) D:11
  Swamp: Lair:2-4    Shoals: Lair:2-4     Snake: Lair:2-4    Spider: Lair:2-4

Altars:
Ashenzari
Cheibriados
Elyvilon
Fedhas
Makhleb
Nemelex Xobeh
Ru
Trog
Vehumet
Wu Jian
The Shining One

Shops:
D:2 !   D:7 [

Annotations:
D:3 2 transporters
D:8 Harold
D:9 1 runed translucent door, LiliTe's ghost, novice MiBe
Lair:2 exclusions: catoblepas and water moccasin


Innate Abilities, Weirdness & Mutations

You are a creature of crystalline ice.
You have a powerful freezing melee attack.
You are amphibious.
Your maximum health is increased.
Your armour is entirely melded.
You are incapable of wielding weapons or throwing items.
((You can breathe wild blasts of lightning.))
((Your glossy black scales are hard. (AC +8)))
You cannot fit into any form of body armour.
((You are resistant to electric shocks. (rElec)))
((You are cold-blooded and may be slowed by cold attacks.))


Message History

The elephant trunk-slaps you but does no damage.
You block the elephant's attack.
The elephant trunk-slaps you but does no damage.
The elephant tramples you!
You hold your ground!
The elephant closely misses you.
You hit the elephant. You freeze the elephant.
The elephant is almost dead.
The elephant tramples you.
* * * LOW HITPOINT WARNING * * *
You hold your ground!
The elephant trunk-slaps you but does no damage.
You block the elephant's attack. The elephant trunk-slaps you.
* * * LOW HITPOINT WARNING * * *
The elephant tramples you.
* * * LOW HITPOINT WARNING * * *
You stumble backwards!
The elephant tramples you!
* * * LOW HITPOINT WARNING * * *
You stumble backwards!
You hit the elephant. You freeze the elephant.
The elephant is lightly wounded.
The elephant tramples you.
* * * LOW HITPOINT WARNING * * *
You stumble backwards!
You punch the elephant! You freeze the elephant.
The elephant is heavily wounded.
You punch the elephant! You freeze the elephant.
You kill the elephant!
The elephant tramples you!
* * * LOW HITPOINT WARNING * * *
You stumble backwards!
Your Transmutations skill increases to level 12!
You pummel the elephant!! You freeze the elephant.
The elephant is almost dead.
The elephant tramples you but does no damage.
The elephant completely misses you.
You punch the elephant! You freeze the elephant.
You kill the elephant!
The elephant tramples you!
You die...

≈≈♣♣♣♣♣♣PP. ...
.≈≈P♣PP≈≈P# ....
.P≈≈≈≈PPP.#####...
..≈PP........P..#
##PP...........#
#.##.....†....##
..........<....#
P......††......#
##.....YY.......#
#.............##
#...............
###.............#
##.........##...
##........# .#.
#.......#. #
##.....##


You could see an elephant.

Vanquished Creatures
  Gastronok (Lair:2)
  A boulder beetle (D:11)
  3 two-headed ogres
  A death knight (D:11)
  The ghost of RNPValinor the Carver, a journeyman VSFi of the Shining One (Lair:1)
  A skeletal warrior (D:11)
  A manticore (D:11)
  2 elephants (Lair:3)
  2 black mambas
  4 cane toads
  A gargoyle (D:11)
  An unseen horror (D:10)
  2 freezing wraiths (D:11)
  2 komodo dragons
  2 trolls
  A polar bear (Lair:1)
  3 blink frogs (D:11)
  A shadow (D:11)
  15 yaks
  A spriggan (shapeshifter) (D:9)
  A wraith (D:11)
  Grum (D:11)
  3 basilisks
  2 steam dragons
  Menkaure (D:7)
  An acid dragon (D:11)
  12 water moccasins
  An ice beast (D:5)
  2 orc warriors
  2 black bears
  4 ogres
  2 sky beasts (D:6)
  8 wolves
  A necrophage (D:6)
  5 centaurs
  2 kobold brigands
  7 bullfrogs
  A wyvern zombie (D:9)
  4 scorpions
  A water moccasin skeleton (D:5)
  A jelly (D:5)
  An electric eel (Lair:2)
  4 howler monkeys
  A bullfrog zombie (D:6)
  A centaur zombie (D:9)
  7 hounds
  2 bullfrog skeletons
  3 orc priests
  2 centaur skeletons
  Jessica (D:3)
  5 iguanas
  10 orc wizards
  A hound skeleton (D:2)
  A howler monkey zombie (D:8)
  6 gnolls
  7 adders
  2 shadow imps
  A white imp (D:5)
  An ufetubus (D:6)
  An adder skeleton (D:4)
  A worm (D:4)
  3 dart slugs
  27 orcs
  13 ball pythons
  8 bats
  9 endoplasms
  4 giant cockroaches
  6 goblins
  6 hobgoblins
  14 jackals
  17 kobolds
  3 quokkas
  A frilled lizard (D:1)
  3 rats (D:1)
280 creatures vanquished.

Vanquished Creatures (others)
  45 fungi
  39 plants
  2 withered plants (D:9)
86 creatures vanquished.

Grand Total: 366 creatures vanquished

Notes
Turn   | Place    | Note
-------+----------+-------------------------------------------
     0 | D:1      | kae the Draconian Transmuter began the quest for the Orb.
     0 | D:1      | Reached XP level 1. HP: 16/16 MP: 3/3
   227 | D:1      | Reached XP level 2. HP: 10/23 MP: 5/5
  1257 | D:1      | Reached XP level 3. HP: 28/28 MP: 4/6
  1726 | D:2      | Found Hastruunnu's Distillery.
  1727 | D:2      | Identified the +4 shortbow "Dyve" {freeze, Will- Str+4
                  | Int+4}
  1824 | D:2      | Reached XP level 4. HP: 31/36 MP: 5/7
  2152 | D:2      | Learned a level 3 spell: Spider Form
  2160 | D:2      | Bought a potion of heal wounds for 70 gold pieces
  2746 | D:3      | Found a burning altar of Makhleb.
  2746 | D:3      | Noticed an Executioner
  2749 | D:3      | Noticed a ynoxinul
  2749 | D:3      | Noticed a ynoxinul
  2920 | D:3      | Found a transporter.
  2947 | D:3      | Found a transporter.
  3114 | D:3      | Found a sacrificial altar of Ru.
  3299 | D:3      | Noticed Jessica
  3307 | D:3      | Killed Jessica
  3308 | D:3      | Reached XP level 5. HP: 41/41 MP: 4/8
  3476 | D:3      | Identified the +0 pair of boots of Somewhere Else {Str+2}
  3492 | D:3      | Became a worshipper of Ru the Awakened
  3542 | D:2      | Bought a potion of curing for 42 gold pieces
  3707 | D:4      | Reached skill level 1 in Poison Magic
  4406 | D:4      | Found a blossoming altar of Fedhas.
  4426 | D:4      | Noticed an ogre
  4439 | D:4      | Killed an ogre
  4440 | D:4      | Reached XP level 6. HP: 36/50 MP: 4/10
  4822 | D:4      | Found a sparkling altar of Nemelex Xobeh.
  5299 | D:4      | Learned a level 4 spell: Ice Form
  5306 | D:5      | Entered Level 5 of the Dungeon
  5337 | D:5      | Your scales start taking on a glossy black colour.
  5337 | D:5      | Reached XP level 7. HP: 56/56 MP: 11/11
  5337 | D:5      | Gained mutation: You are resistant to electric shocks.
                  | (rElec) [Black Draconian growth]
  5423 | D:5      | Reached skill level 5 in Unarmed Combat
  5423 | D:5      | Reached skill level 1 in Ice Magic
  5458 | D:5      | Found a radiant altar of Vehumet.
  5732 | D:5      | Noticed a steam dragon
  5740 | D:5      | Killed a steam dragon
  6226 | D:5      | Reached skill level 5 in Transmutations
  6226 | D:5      | Reached XP level 8. HP: 59/63 MP: 10/13
  6685 | D:5      | Found a sacrificial altar of Ru.
  6840 | D:5      | Found a staircase to the Ecumenical Temple.
  7611 | D:6      | Found a white marble altar of Elyvilon.
  8021 | D:6      | Reached XP level 9. HP: 65/70 MP: 9/15
  8198 | D:6      | Found a glowing golden altar of the Shining One.
  8311 | D:7      | Found a broken altar of Ashenzari.
  8320 | D:7      | Noticed Menkaure
  8331 | D:7      | Killed Menkaure
  8479 | D:7      | Found Kemyqa Ocuank's Armour Shop.
  9312 | D:8      | Found a snail-covered altar of Cheibriados.
  9326 | D:8      | Reached skill level 5 in Ice Magic
  9867 | D:8      | Reached skill level 5 in Fighting
 10106 | D:9      | Noticed Harold
 10118 | D:9      | HP: 2/88 [Harold (18)]
 10120 | D:9      | Noticed a queen bee
 10143 | D:9      | Noticed a salamander
 10310 | D:7      | Reached XP level 10. HP: 86/86 MP: 17/17
 10541 | D:9      | Reached skill level 10 in Unarmed Combat
 10727 | D:9      | Found a runed translucent door.
 10728 | D:9      | Noticed LiliTe's ghost (novice MiBe)
 10762 | D:9      | Found an ornate altar of the Wu Jian Council.
 10874 | D:9      | Found a bloodstained altar of Trog.
 11228 | D:9      | Found a bloodstained altar of Trog.
 11388 | D:9      | Found an ornate altar of the Wu Jian Council.
 11610 | D:9      | Found a bloodstained altar of Trog.
 11770 | D:9      | Found an ornate altar of the Wu Jian Council.
 11855 | D:10     | Entered Level 10 of the Dungeon
 11955 | D:10     | Reached XP level 11. HP: 92/92 MP: 13/18
 12196 | D:10     | Reached skill level 5 in Spellcasting
 12296 | D:10     | Reached skill level 5 in Dodging
 12674 | D:10     | Noticed a two-headed ogre
 12689 | D:10     | Killed a two-headed ogre
 13028 | D:11     | Noticed a death knight
 13204 | D:11     | Found a staircase to the Orcish Mines.
 13213 | D:11     | Reached skill level 10 in Transmutations
 13303 | D:11     | Noticed a two-headed ogre
 13309 | D:11     | Killed a two-headed ogre
 13698 | D:11     | Noticed a two-headed ogre
 13709 | D:11     | Killed a two-headed ogre
 13775 | D:11     | Noticed Grum
 13788 | D:11     | Killed Grum
 14209 | D:11     | Noticed a skeletal warrior
 14441 | D:11     | Killed a death knight
 14452 | D:11     | Killed a skeletal warrior
 14801 | D:11     | Found a staircase to the Lair.
 14978 | D:11     | Noticed a boulder beetle
 15225 | D:11     | Killed a boulder beetle
 15523 | D:11     | Found a staircase to the Orcish Mines.
 15655 | D:11     | Found a staircase to the Lair.
 15922 | Lair:1   | Entered Level 1 of the Lair of Beasts
 15939 | D:11     | Reached XP level 12. HP: 70/103 MP: 17/21
 16874 | Lair:1   | Found a runed translucent gate.
 16875 | Lair:1   | Identified a scroll of acquirement
 16875 | Lair:1   | Acquired the ring "Cexzy" {rElec rPois rCorr Dex+2}
 16880 | Lair:1   | Found a runed translucent gate.
 16881 | Lair:1   | Found a runed translucent gate.
 16945 | Lair:1   | Got the Guide on the Venomous Entourage
 17632 | Lair:1   | Noticed RNPValinor's ghost (journeyman VSFi)
 17762 | Lair:1   | Killed RNPValinor's ghost
 17770 | Lair:1   | Acquired 723 gold pieces
 18519 | Lair:2   | Noticed Gastronok
 18540 | Lair:2   | Killed Gastronok
 18900 | Lair:2   | Noticed a catoblepas
 19978 | Lair:3   | HP: 5/124 [elephant (8)]
 19980 | Lair:3   | Slain by an elephant

Illustrated notes

Levels and vault maps discovered:
D:1:      matt_arrival_refuge, layout_loops_ring
D:2:      layout_rooms, serial_shops, nicolae_shop_statue_plus
D:3:      gammafunk_steamed_eel, layout_basic, nicolae_ru_awakened_eye,
          makhleb_altar_promises_db, uniq_jessica
D:4:      layout_gridville, mainiacjoe_overflow_chevrons, fedhas_altar_2
D:5:      layout_loops_corners, minmay_temple_entry_fiery,
          hangedman_feature_mirror, minmay_fractal_squares_gapless_5
D:6:      layout_cave_pools, elyvilon_altar_4, tso_altar
D:7:      layout_rooms, kennysheep_mini_moat, serial_shops,
          nicolae_shop_temple_entry_statues_fountains, uniq_menkaure
D:8:      layout_cave_pools, mainiacjoe_overflow_tiny_flanked,
          kennysheep_small_spiral
D:9:      layout_rooms, trog_book, kennysheep_mini, gammafunk_ghost_grave,
          uniq_harold
D:10:     layout_basic
D:11:     layout_small_grid, due_lair_maze_entry_diamond, orc_david_3, uniq_grum
Lair:1:   layout_gridlike, ebering_ghost_rock_garden
Lair:2:   layout_roguey, chequers_serial_rivers_large_b, grunt_megastairs_1,
          infiniplex_staircase_pool, uniq_gastronok
Lair:3:   layout_cave_pods, palyth_hydra_swamp_entry, serial_bayou,
          serial_bayou_ford_a, serial_bayou_lagoon_a, serial_bayou_pond_b,
          serial_bayou_pond_c, basic_altar

Skill      XL: |  1  2  3  4  5  6  7  8  9 10 11 12 |
---------------+-------------------------------------+-----
Dodging        | 2 3 4 6 |  6.8
Transmutations | 3 4 5 6 9 11 12 | 12.0
Fighting       | 2 3 4 7 8 9 |  9.2
Unarmed Combat | 4 5 6 9 10 11 12 | 12.2
Poison Magic   | 1 2 |  2.0
Spellcasting   | 3 4 6 |  6.8
Ice Magic      | 2 4 5 |  5.0

Action                   |  1- 3 |  4- 6 |  7- 9 | 10-12 || total
-------------------------+-------+-------+-------+-------++-------
Melee: Unarmed           |   118 |   164 |   290 |   353 ||   925
       Kick              |    16 |    20 |     2 |       ||    38
       Tailslap          |    16 |    18 |    11 |       ||    45
       Headbutt          |     8 |    17 |     4 |       ||    29
       Punch             |     2 |     5 |       |       ||     7
 Cast: Beastly Appendage |    23 |    29 |     2 |       ||    54
       Spider Form       |       |     5 |    23 |       ||    28
       Ice Form          |       |       |    12 |    56 ||    68
Invok: Reject Sacrifices |       |       |     1 |     1 ||     2
  Use: Scroll            |     3 |     9 |     8 |    10 ||    30
       Potion            |       |     1 |     3 |     1 ||     5
 Stab: Sleeping          |       |     2 |     1 |       ||     3
Armor: Skin              |    44 |    53 |    60 |   105 ||   262
Dodge: Dodged            |    94 |   130 |   178 |   194 ||   596
Block: Other             |       |    39 |    70 |    76 ||   185
       Reflection        |       |       |     2 |     2 ||     4

Table legend: (Time is in decaauts)
 A = Elapsed time spent in this place.
 B = Non-inter-level travel time spent in this place.
 C = Inter-level travel time spent in this place.
 D = Time resting spent in this place.
 E = Time spent auto-exploring this place.
 F = Levels seen in this place.
 G = Mean time per level.
                   A        B        C        D        E       F      G
               +--------+--------+--------+--------+--------+-----+--------+
         Total |  19923 |  19323 |    600 |   3435 |  13567 |  14 | 1423.1 |
       Dungeon |  16461 |  15910 |    551 |   2360 |  11570 |  11 | 1496.5 |
          Lair |   3461 |   3413 |     48 |   1075 |   1997 |   3 | 1153.7 |
               +--------+--------+--------+--------+--------+-----+--------+

Top non-repeatable levels by time:
    D:11: 3135 daAuts
     D:5: 2047 daAuts
  Lair:1: 1969 daAuts
     D:1: 1730 daAuts
     D:4: 1613 daAuts
     D:8: 1538 daAuts
    D:10: 1516 daAuts
  Lair:2: 1472 daAuts
     D:9: 1433 daAuts
     D:3: 980 daAuts
     D:2: 965 daAuts
     D:6: 896 daAuts
     D:7: 602 daAuts
  Lair:3: 19 daAuts
